[ PARTIDA AOE2 · #477905005 ]
1v1 RMBritanos vs Jurchens
Equipo del jugador · DERR
Equipo rival · VICT
[ ANÁLISIS DE REPETICIÓN · EXTRAÍDO DE LA PARTIDA GRABADA ]
Feudal
11:42
Castillos
18:01
Imperial
32:03
| APM promedio | 8.4 |
| APM pico | 25 |
| eAPM promedio | 5.7 |
| Aldeanos / militares | 79 / 140 |
Foco
⚔️ 27.0% · 🌾 73.0%
Spearman ×75 · Longbowman ×61 · Trebuchet (Packed) ×3 · Monk ×1
Feudal
11:39
Castillos
15:09
Imperial
34:18
| APM promedio | 18.1 |
| APM pico | 59 |
| eAPM promedio | 13.2 |
| Aldeanos / militares | 133 / 12 |
Foco
⚔️ 19.8% · 🌾 80.2%
Unknown (1908) ×44 · Trebuchet (Packed) ×5 · Monk ×4 · Scout Cavalry ×3
Mapa de la partida
Recursos al inicio + cada clic de construcción. Línea gruesa = muro · recuadro discontinuo = muro de casas detectado. 🟡 oro · ⚪ piedra · 🟢 bayas · 🔶 jabalí · ⭕ reliquia
Inputs por minuto
— wilpau11 - - Awakened Gonzo
Build order — wilpau11
Primeras 150 de 161 acciones detectadas
| 0:06 | Construir | House |
| 0:07 | Construir | House |
| 0:08 | Construir | House |
| 0:09 | Construir | House |
| 0:10 | Construir | House |
| 0:17 | Crear | Villager (Male) ×4 |
| 0:17 | Investigar | Loom |
| 3:30 | Crear | Villager (Male) ×3 |
| 3:30 | Crear | Villager (Male) ×3 |
| 4:28 | Crear | Villager (Male) ×2 |
| 4:28 | Crear | Villager (Male) ×2 |
| 5:08 | Construir | Lumber Camp |
| 5:13 | Crear | Villager (Male) |
| 5:13 | Crear | Villager (Male) |
| 6:01 | Crear | Villager (Male) |
| 6:03 | Crear | Villager (Male) |
| 6:04 | Crear | Villager (Male) |
| 6:35 | Construir | Mill |
| 7:10 | Crear | Villager (Male) |
| 7:11 | Crear | Villager (Male) |
| 7:11 | Crear | Villager (Male) |
| 8:11 | Construir | Mining Camp |
| 8:35 | Construir | Mining Camp |
| 9:32 | Investigar | Feudal Age |
| 10:00 | Crear | Villager (Male) ×3 |
| 10:27 | Crear | Villager (Male) |
| 11:42 | Edad | Edad Feudal |
| 12:14 | Crear | Villager (Male) |
| 12:36 | Construir | Farm |
| 13:09 | Construir | Market |
| 13:15 | Construir | Blacksmith |
| 13:52 | Construir | Farm |
| 14:05 | Construir | House |
| 14:08 | Construir | House |
| 14:09 | Construir | House |
| 14:10 | Construir | House |
| 15:21 | Investigar | Castle Age |
| 15:36 | Construir | Barracks |
| 17:25 | Construir | House |
| 17:36 | Construir | Farm |
| 18:01 | Edad | Edad de los Castillos |
| 18:05 | Construir | House |
| 18:08 | Construir | House |
| 18:09 | Construir | House |
| 18:20 | Construir | Monastery |
| 18:25 | Crear | Villager (Male) ×5 |
| 18:31 | Crear | Spearman |
| 18:32 | Crear | Spearman |
| 19:09 | Construir | Castle |
| 19:32 | Crear | Monk |
| 20:12 | Crear | Spearman ×3 |
| 20:26 | Construir | University |
| 20:38 | Construir | Farm |
| 20:40 | Construir | Farm |
| 20:58 | Construir | House |
| 20:59 | Construir | House |
| 21:02 | Construir | House |
| 21:03 | Construir | House |
| 21:04 | Construir | House |
| 21:47 | Crear | Villager (Male) ×2 |
| 21:59 | Construir | Farm |
| 22:41 | Construir | Farm |
| 22:44 | Construir | Farm |
| 22:46 | Crear | Villager (Male) ×2 |
| 23:29 | Crear | Villager (Male) ×2 |
| 23:32 | Construir | Farm |
| 23:47 | Construir | Town Center |
| 23:59 | Construir | House |
| 24:10 | Construir | Farm |
| 24:51 | Construir | Farm |
| 25:11 | Construir | House |
| 25:12 | Construir | House |
| 25:13 | Construir | House |
| 25:14 | Construir | House |
| 25:15 | Construir | House |
| 25:21 | Crear | Villager (Male) |
| 25:21 | Crear | Villager (Male) |
| 25:37 | Crear | Villager (Male) |
| 25:49 | Construir | Farm |
| 26:14 | Construir | Farm |
| 26:19 | Investigar | Horse Collar |
| 26:40 | Construir | Farm |
| 28:12 | Investigar | Ballistics |
| 28:33 | Construir | House |
| 28:53 | Investigar | Imperial Age |
| 29:31 | Crear | Longbowman ×2 |
| 29:31 | Crear | Longbowman ×2 |
| 29:39 | Crear | Spearman ×5 |
| 29:39 | Crear | Spearman ×5 |
| 29:40 | Crear | Spearman ×5 |
| 29:54 | Construir | Barracks |
| 29:58 | Construir | Barracks |
| 31:06 | Investigar | Pikeman (upgrade) |
| 31:11 | Crear | Longbowman ×3 |
| 31:11 | Crear | Longbowman ×3 |
| 31:20 | Investigar | Murder Holes |
| 31:30 | Crear | Villager (Male) ×2 |
| 31:31 | Crear | Villager (Male) ×2 |
| 31:40 | Crear | Longbowman ×2 |
| 31:41 | Crear | Longbowman ×2 |
| 31:41 | Crear | Longbowman ×2 |
| 31:50 | Investigar | Double-Bit Axe |
| 31:59 | Crear | Villager (Male) |
| 31:59 | Crear | Villager (Male) |
| 32:03 | Edad | Edad Imperial |
| 32:04 | Crear | Longbowman |
| 32:05 | Crear | Longbowman |
| 32:21 | Crear | Spearman ×3 |
| 32:21 | Crear | Spearman ×3 |
| 32:35 | Crear | Villager (Male) |
| 32:36 | Crear | Villager (Male) |
| 32:53 | Construir | Castle |
| 33:03 | Crear | Villager (Male) ×3 |
| 33:21 | Crear | Trebuchet (Packed) |
| 33:32 | Crear | Villager (Male) ×2 |
| 33:51 | Crear | Villager (Male) ×2 |
| 34:03 | Crear | Spearman ×2 |
| 34:03 | Crear | Spearman ×2 |
| 34:08 | Construir | Farm |
| 34:28 | Crear | Trebuchet (Packed) |
| 34:29 | Crear | Longbowman |
| 34:30 | Crear | Longbowman |
| 34:30 | Crear | Longbowman |
| 34:35 | Construir | Farm |
| 34:50 | Crear | Longbowman ×2 |
| 34:51 | Crear | Longbowman ×2 |
| 35:00 | Construir | Farm |
| 35:11 | Crear | Spearman ×5 |
| 35:15 | Crear | Longbowman ×3 |
| 35:15 | Crear | Longbowman ×3 |
| 35:22 | Construir | Farm |
| 35:27 | Crear | Villager (Male) ×4 |
| 36:43 | Investigar | Yeomen |
| 37:05 | Crear | Longbowman ×3 |
| 37:05 | Crear | Longbowman ×3 |
| 37:13 | Crear | Spearman ×5 |
| 37:13 | Crear | Spearman ×5 |
| 37:13 | Crear | Spearman ×5 |
| 37:13 | Crear | Spearman ×5 |
| 38:22 | Investigar | Conscription |
| 38:24 | Crear | Trebuchet (Packed) |
| 38:26 | Crear | Longbowman ×3 |
| 38:26 | Crear | Longbowman ×3 |
| 38:26 | Crear | Longbowman ×3 |
| 38:46 | Construir | Mining Camp |
| 38:51 | Crear | Villager (Male) ×5 |
| 38:52 | Crear | Villager (Male) ×5 |
| 38:52 | Crear | Villager (Male) ×3 |
| 38:52 | Crear | Villager (Male) ×3 |
| 39:15 | Crear | Villager (Male) ×3 |
Build order — Awakened Gonzo
Primeras 150 de 298 acciones detectadas
| 0:02 | Crear | Villager (Male) ×4 |
| 0:02 | Crear | Villager (Male) ×4 |
| 0:03 | Construir | House |
| 0:05 | Construir | House |
| 1:24 | Crear | Villager (Male) |
| 1:51 | Construir | Lumber Camp |
| 1:57 | Crear | Villager (Male) |
| 1:57 | Crear | Villager (Male) |
| 2:05 | Crear | Villager (Male) |
| 2:05 | Crear | Villager (Male) |
| 2:45 | Crear | Villager (Male) |
| 2:45 | Crear | Villager (Male) |
| 3:08 | Crear | Villager (Male) |
| 3:08 | Crear | Villager (Male) |
| 3:26 | Crear | Villager (Male) |
| 3:50 | Construir | House |
| 3:50 | Construir | House |
| 4:08 | Crear | Villager (Male) ×2 |
| 4:09 | Crear | Villager (Male) ×2 |
| 5:09 | Construir | Mill |
| 5:19 | Crear | Villager (Male) ×4 |
| 5:19 | Crear | Villager (Male) ×4 |
| 6:26 | Crear | Villager (Male) ×5 |
| 6:41 | Construir | Farm |
| 6:42 | Construir | Farm |
| 6:48 | Crear | Villager (Male) ×3 |
| 7:12 | Construir | Farm |
| 8:18 | Construir | House |
| 8:40 | Investigar | Feudal Age |
| 9:10 | Construir | Mining Camp |
| 9:53 | Construir | Barracks |
| 10:14 | Crear | Villager (Male) |
| 10:14 | Crear | Villager (Male) |
| 11:39 | Edad | Edad Feudal |
| 11:40 | Construir | Stable |
| 11:42 | Construir | Blacksmith |
| 11:54 | Construir | House |
| 12:19 | Investigar | Double-Bit Axe |
| 12:23 | Investigar | Castle Age |
| 12:23 | Investigar | Castle Age |
| 12:42 | Crear | Scout Cavalry |
| 12:47 | Crear | Scout Cavalry |
| 12:55 | Construir | House |
| 12:56 | Construir | House |
| 13:18 | Construir | Farm |
| 13:28 | Construir | House |
| 13:31 | Investigar | Scale Barding Armor |
| 13:35 | Investigar | Horse Collar |
| 13:40 | Construir | Farm |
| 13:57 | Construir | Farm |
| 14:02 | Construir | House |
| 14:23 | Crear | Villager (Male) |
| 14:30 | Investigar | Loom |
| 14:42 | Construir | House |
| 15:09 | Edad | Edad de los Castillos |
| 15:10 | Construir | Monastery |
| 15:13 | Crear | Villager (Male) |
| 15:41 | Crear | Villager (Male) |
| 15:54 | Crear | Monk |
| 15:54 | Crear | Monk |
| 15:54 | Crear | Monk |
| 16:06 | Crear | Scout Cavalry |
| 16:16 | Construir | Farm |
| 16:20 | Construir | Farm |
| 16:34 | Crear | Villager (Male) |
| 16:44 | Construir | Town Center |
| 16:46 | Crear | Villager (Male) |
| 16:59 | Crear | Monk |
| 17:06 | Construir | Farm |
| 17:12 | Construir | House |
| 17:14 | Crear | Villager (Male) |
| 17:21 | Construir | Farm |
| 17:41 | Crear | Villager (Male) |
| 17:54 | Crear | Villager (Male) |
| 17:54 | Crear | Villager (Male) |
| 17:54 | Crear | Villager (Male) |
| 18:03 | Construir | Farm |
| 18:04 | Construir | Farm |
| 18:07 | Construir | Farm |
| 18:10 | Construir | Farm |
| 18:20 | Construir | Farm |
| 18:23 | Construir | Farm |
| 18:29 | Construir | Farm |
| 18:33 | Investigar | Fervor |
| 18:34 | Crear | Villager (Male) |
| 18:35 | Crear | Villager (Male) |
| 18:35 | Crear | Villager (Male) |
| 18:44 | Crear | Villager (Male) |
| 18:44 | Crear | Villager (Male) |
| 19:00 | Construir | Farm |
| 19:06 | Crear | Villager (Male) |
| 19:06 | Crear | Villager (Male) |
| 19:21 | Crear | Villager (Male) |
| 19:21 | Crear | Villager (Male) |
| 19:21 | Crear | Villager (Male) |
| 19:54 | Crear | Villager (Male) |
| 19:55 | Crear | Villager (Male) |
| 19:55 | Crear | Villager (Male) |
| 20:17 | Crear | Villager (Male) |
| 20:21 | Construir | Mining Camp |
| 20:30 | Crear | Villager (Male) |
| 20:31 | Crear | Villager (Male) |
| 20:31 | Crear | Villager (Male) |
| 20:51 | Construir | Town Center |
| 20:54 | Investigar | Town Watch |
| 20:55 | Crear | Villager (Male) |
| 20:58 | Construir | House |
| 20:59 | Construir | House |
| 21:00 | Construir | House |
| 21:12 | Construir | Mill |
| 21:13 | Construir | Farm |
| 21:14 | Construir | Farm |
| 21:16 | Construir | Farm |
| 21:17 | Construir | Farm |
| 21:18 | Crear | Villager (Male) ×3 |
| 21:23 | Construir | Farm |
| 21:45 | Investigar | Bloodlines |
| 22:03 | Crear | Villager (Male) |
| 22:03 | Crear | Villager (Male) |
| 22:03 | Crear | Villager (Male) |
| 22:09 | Crear | Villager (Male) |
| 22:10 | Crear | Villager (Male) |
| 22:15 | Construir | Farm |
| 22:46 | Construir | House |
| 22:49 | Construir | House |
| 22:51 | Construir | House |
| 22:56 | Crear | Villager (Male) |
| 22:56 | Crear | Villager (Male) |
| 22:56 | Crear | Villager (Male) |
| 22:56 | Crear | Villager (Male) |
| 23:10 | Investigar | Stone Mining |
| 23:22 | Crear | Villager (Male) |
| 23:22 | Crear | Villager (Male) |
| 23:23 | Crear | Villager (Male) |
| 23:38 | Construir | Lumber Camp |
| 23:57 | Construir | University |
| 24:00 | Construir | House |
| 24:02 | Crear | Villager (Male) |
| 24:02 | Crear | Villager (Male) |
| 24:03 | Crear | Villager (Male) |
| 24:23 | Investigar | Stone Shaft Mining |
| 24:25 | Investigar | Gold Mining |
| 24:29 | Crear | Villager (Male) |
| 24:29 | Crear | Villager (Male) |
| 24:35 | Construir | Farm |
| 25:15 | Construir | Market |
| 25:17 | Crear | Villager (Male) |
| 25:17 | Crear | Villager (Male) |
| 25:17 | Crear | Villager (Male) |
| 25:35 | Investigar | Wheelbarrow |
Cronología de la partida
| 9:53 | Awakened Gonzo · first_building Barracks |
| 11:39 | Awakened Gonzo · age_up feudal |
| 11:40 | Awakened Gonzo · first_building Stable |
| 11:42 | wilpau11 · age_up feudal |
| 15:09 | Awakened Gonzo · age_up castle |
| 15:10 | Awakened Gonzo · first_building Monastery |
| 15:36 | wilpau11 · first_building Barracks |
| 18:01 | wilpau11 · age_up castle |
| 18:20 | wilpau11 · first_building Monastery |
| 19:09 | wilpau11 · first_building Castle |
| 25:56 | Awakened Gonzo · first_building Castle |
| 32:03 | wilpau11 · age_up imperial |
| 34:18 | Awakened Gonzo · age_up imperial |
| 39:10 | Awakened Gonzo · first_market_sell 500 wood |
| 39:15 | Awakened Gonzo · first_market_buy 500 stone |
| 43:22 | wilpau11 · resign |
[ ANÁLISIS IA · 1 CRÉDITO ]
¿Qué pasó realmente en esta partida?
Wolo.gg analiza cada decisión: build order, eco, micro, errores típicos por bracket. Análisis personalizado por WhatsApp o Discord en 30 segundos.
Guía civ
Britanos
Guía mapa
Arena
Perfil
Jugador #1474063